Map: Prion Terraces

Players

ZeRgWaVe

  • Race: Zerg Zerg
  • League: Master

Hadarok - Winner!

  • Race: Protoss Protoss
  • League: Master

VOD

Have the link to the VOD?

Description

Time

  • Played on: Jan. 19, 2016, 6:11 p.m.
  • Length: 11:12
Show
View Real Time Build Order
Export as new Build Order

ZeRgWaVe Zerg 

Build Orders: Hatch First, Ravager All-In 

Get SALT Encoding   

  12  0:01  Drone  
  13  0:13  Overlord  
  13  0:19  Drone  
  14  0:31  Drone x2  
  16  0:39  Drone  
  17  1:00  Hatchery  
  16  1:05  Drone  
  16  1:06  Extractor  
  16  1:08  Drone  
  17  1:24  Spawning Pool  
  16  1:29  Drone  
  16  1:32  Drone  
  18  1:37  Drone  
  19  1:46  Overlord  
  19  1:53  Drone  
  20  2:07  Drone  
  21  2:12  Queen  
  21  2:13  Queen  
  25  2:19  Extractor  
  25  2:20  Drone  
  25  2:21  Drone  
  26  2:25  Drone  
  26  2:28  Zergling x2  
  28  2:33  Metabolic Boost  
  28  2:36  Drone  
  29  2:39  Drone  
  30  2:44  Drone  
  30  2:46  Drone  
  32  2:58  Roach Warren  
  31  3:03  Drone x2  
  33  3:09  Drone  
  34  3:14  Overlord  
  34  3:17  Overlord  
  34  3:38  Roach  
  34  3:39  Roach x6  
  48  3:45  Roach  
  48  3:47  Overlord  
  50  3:52  Overlord  
  50  3:56  Zergling x4  
  52  4:07  Zergling x10  
  57  4:11  Ravager  
  57  4:12  Ravager x2  
  60  4:18  Overlord  
  60  4:20  Ravager x2  
  60  4:24  Zergling x6  
  64  4:30  Ravager  
  65  4:40  Roach x2  
  66  4:55  Roach x3  
  66  4:58  Zergling x2  
  66  4:59  Zergling x12  
  75  5:14  Zergling x4  
  76  5:16  Overlord x2  
  75  5:27  Zergling x4  
  70  5:31  Roach x3  
  70  5:32  Roach  
  70  5:42  Zergling x2  
  70  5:43  Zergling x6  
  70  5:48  Zergling x2  
  72  5:59  Zergling x4  
  72  6:02  Ravager  
  72  6:03  Ravager  
  72  6:04  Zergling x2  
  72  6:07  Roach  
  75  6:17  Roach x5  
  84  6:20  Zergling x6  
  86  6:31  Roach x2  
  90  6:39  Zergling x2  
  79  6:50  Roach x5  
  85  6:55  Zergling x2  
  75  7:03  Roach x3  
  75  7:05  Zergling x2  
  79  7:12  Zergling x2  
  80  7:18  Zergling x2  
  68  7:33  Roach  
  68  7:34  Roach x2  
  66  7:38  Zergling x2  
  66  7:42  Zergling x2  
  65  7:48  Roach x3  
  67  7:53  Roach x3  
  72  8:00  Zergling x4  
  73  8:09  Roach  
  73  8:11  Zergling x2  
  74  8:16  Ravager  
  74  8:17  Ravager  
  76  8:21  Zergling x4  
  76  8:23  Zergling x6  
  76  8:24  Hatchery  
  76  8:25  Zergling x4  
  76  8:26  Ravager  
  83  8:27  Zergling x2  
  83  8:30  Zergling x2  
  83  8:33  Roach  
  87  8:42  Roach  
  87  8:48  Roach  
  90  8:53  Roach  
  91  9:01  Roach x4  
  89  9:11  Roach  
  89  9:12  Roach  
  89  9:15  Zergling x4  
  92  9:20  Overlord  
  92  9:29  Roach x3  
  89  9:36  Zergling x6  
  89  9:37  Zergling x2  
  69  9:45  Zergling x2  
  69  9:46  Zergling x2  
  69  9:49  Zergling x4  
  69  9:55  Roach  
  69  9:57  Drone  
  72  10:10  Roach x2  
  72  10:11  Roach  
  78  10:17  Zergling x6  
  78  10:20  Ravager  
  78  10:21  Ravager  
  83  10:27  Roach x2  
  83  10:28  Roach  
  89  10:33  Roach  
  77  10:45  Roach x3  
  73  10:50  Zergling x2  
  73  10:51  Zergling x8  
Show
View Real Time Build Order
Export as new Build Order

Hadarok Protoss - Winner!

Build Orders: 1 Gate Expand 

Get SALT Encoding   

  12  0:01  Probe (Chrono Boost)  
  13  0:11  Probe (Chrono Boost)  
  14  0:19  Pylon  
  14  0:22  Probe (Chrono Boost)  
  15  0:37  Probe (Chrono Boost)  
  15  0:39  Gateway  
  16  0:42  Assimilator  
  16  0:47  Probe (Chrono Boost)  
  17  0:58  Probe (Chrono Boost)  
  18  1:08  Probe (Chrono Boost)  
  19  1:25  Nexus  
  19  1:27  Probe (Chrono Boost)  
  20  1:36  Cybernetics Core  
  20  1:39  Probe (Chrono Boost)  
  21  1:42  Assimilator  
  21  1:51  Pylon  
  21  1:54  Probe (Chrono Boost)  
  22  2:04  Probe (Chrono Boost)  
  23  2:12  Adept (Chrono Boost)  
  23  2:13  Warp Gate (Chrono Boost)  
  25  2:20  Mothership Core  
  27  2:35  Probe  
  29  2:37  Adept (Chrono Boost)  
  29  2:41  Probe  
  31  2:46  Probe  
  31  2:48  Gateway  
  32  2:51  Gateway  
  32  2:54  Probe  
  32  2:57  Probe  
  34  3:00  Sentry (Chrono Boost)  
  36  3:06  Probe  
  36  3:11  Probe  
  37  3:17  Robotics Facility  
  37  3:18  Probe  
  39  3:22  Probe  
  39  3:23  Adept (Chrono Boost)  
  42  3:28  Pylon  
  42  3:30  Probe  
  42  3:32  Probe  
  44  3:42  Probe  
  44  3:43  Probe  
  44  3:45  Pylon  
  46  3:53  Probe  
  46  3:54  Probe  
  48  3:59  Pylon  
  48  4:04  Probe  
  48  4:06  Probe  
  50  4:12  Adept x3  
  50  4:15  Probe  
  57  4:17  Immortal  
  57  4:21  Twilight Council  
  57  4:23  Gateway  
  61  4:27  Gateway  
  61  4:30  Probe  
  62  4:33  Probe  
  63  4:47  Stalker x3  
  69  4:54  Pylon  
  69  4:55  Pylon  
  67  5:06  Pylon  
  67  5:11  Pylon  
  67  5:12  Pylon  
  67  5:13  Immortal  
  71  5:17  Pylon  
  71  5:19  Pylon  
  71  5:26  Stalker x2  
  71  5:27  Stalker  
  68  5:38  Assimilator  
  68  5:41  Assimilator  
  62  5:45  Zealot x2  
  66  5:50  Charge  
  66  5:52  Warp Prism  
  66  5:53  Zealot  
  62  6:12  Zealot x2  
  62  6:13  Zealot x2  
  70  6:26  Gateway  
  70  6:27  Gateway  
  70  6:28  Immortal  
  74  6:33  Zealot x4  
  72  6:54  Zealot x4  
  58  7:10  Immortal  
  62  7:17  Zealot x4  
  54  7:41  Zealot x3  
  54  7:42  Zealot  
  60  7:49  Probe  
  55  7:51  Mothership Core  
  55  7:52  Zealot x2  
  55  8:03  Zealot x4  
  63  8:11  Immortal  
  65  8:15  Zealot x2  
  69  8:20  Nexus  
  69  8:23  Gateway  
  69  8:24  Zealot x4  
  69  8:26  Gateway  
  77  8:27  Gateway  
  77  8:40  Sentry x2  
  81  8:49  Sentry x2  
  85  8:57  Immortal  
  83  9:05  Zealot  
  83  9:11  Zealot x2  
  81  9:19  Zealot x2  
  79  9:38  Zealot x7  
  73  9:47  Probe  
  74  9:59  Sentry x5  
  84  10:00  Sentry x3  
  90  10:08  Templar Archives  
  90  10:26  Zealot x5  
  96  10:46  Zealot x2  
  96  10:47  Zealot  
  98  10:52  Zealot x2  
Tags
 
Add a new tag
Caveats
  • Supply blocks, unpowered buildings, or Contaminate may cause inaccurate times.
  • Supply counts are checked every 10 seconds.